[Event "85th Tata Steel Challengers 2023"]
[Site "Wijk aan Zee"]
[Date "2023.01.14"]
[Round "1.1"]
[White "Tabatabaei, M. Amin"]
[Black "Adhiban, B.."]
[Result "1/2-1/2"]
[ECO "D31"]
[WhiteElo "2686"]
[BlackElo "2610"]
[Annotator "TA"]
[PlyCount "134"]
[EventDate "2023.01.10"]
[EventType "tourn"]
[EventCountry "NED"]
[SourceTitle "playchess.com"]
[Source "ChessBase"]
[SourceQuality "1"]
[TimeControl "40/6000+30:30/3000+30:900+30"]

1. d4 d5 2. c4 e6 3. cxd5 exd5 4. Nc3 c6 5. Bf4 Bd6 6. Bxd6 Qxd6 7. e3 Nf6 8. Bd3 O-O {[%emt 0:00:07] D31: Queen's Gambit Declined: Semi-Slav without ...Nf6 (+ Marshall Gambit and Noteboom) and Exchange Variation lines without ...Nf6.} 9. h3 Re8 10. Qc2 {[%emt 0:02:43] [#]} b6 $146 ({Predecessor:} 10... Nbd7 11. Nf3 Nf8 12. O-O Ng6 13. Rab1 Bd7 14. b4 a5 15. bxa5 Rxa5 16. Rxb7 Rea8 17. Rfb1 Bc8 18. R7b4 Nf8 19. a4 N8d7 20. R4b2 g6 21. Nd2 Ba6 {1-0 Keymer,V (2698)-Kilic,E (2437) Titled Tuesday intern op 22nd Nov Early blitz 2022 (9)}) 11. Rc1 c5 12. dxc5 bxc5 13. Nb5 {[%emt 0:01:18][%csl LRc5,LRd6][%mdl 64] Deflection} Qd8 (13... Qa6 $11 {remains equal.} 14. Qxc5 Nbd7) 14. Qxc5 $16 Na6 {[%emt 0:03:51] Inhibits Nc7.} 15. Qa3 $36 {[%emt 0:13:17][%mdl 2048] White is really pushing.} d4 16. Nf3 (16. Nd6 $6 Re6 17. Nxf7 (17. Bxa6 Bxa6 18. Rc6 Bb5 $19 {[%mdl 64] Pin}) 17... Kxf7 $11) 16... dxe3 17. O-O $1 exf2+ (17... e2 $2 18. Rfe1 $18) ({Black should play} 17... Nb4 $14 18. Qxb4 (18. Bxh7+ Nxh7 19. Qxb4 Rb8 $11) 18... Qxd3) 18. Rxf2 {[%emt 0:00:14] Strongly threatening Ng5.} Qb6 19. Nd6 Rd8 {[%emt 0:04:37] [#]} 20. Nxf7 {[%emt 0:03:14][%mdl 576] Decoy. White is much more active.} Rxd3 {[%emt 0:04:10][%mdl 64] Deflection} (20... Kxf7 $2 21. Ng5+ (21. Re1 Bb7 $14) 21... Ke8 22. Re1+ (22. Bxh7 Rd5 $18) 22... Kd7 23. Qe7+ (23. Bxh7 Kc7 $11) 23... Kc6 24. Bxa6 (24. Qxg7 Rxd3 25. Qxf6+ Kb7 $11) 24... Bxa6 25. Re6+ (25. Qxg7 Rd6 $18) 25... Kb5 26. Rxb6+ axb6 27. Qxg7 Rd1+ 28. Kh2 $18) 21. Qxd3 Nb4 {[%emt 0:00:04] [#]} 22. Qd8+ ({Reject} 22. Qc4 $6 Be6 $11) (22. Qd6 $1 $16 {[%cal Oa2a3] Black must now prevent a3!} Qxf2+ {[%mdl 64] Decoy} 23. Kxf2 Ne4+ 24. Ke3 Nxd6 25. Nxd6) 22... Qxd8 $1 $14 23. Nxd8 Nd3 24. Rc7 Nxf2 25. Kxf2 Nd5 $1 26. Rc5 Nb4 {[%emt 0:00:20] aiming for ...Nd3+.} 27. Ne5 {[%emt 0:00:06] Inhibits Nd3+. The position is equal.} Bxh3 $1 {[%emt 0:01:24][%mdl 64] Discovered Attack} 28. Ndc6 Nxc6 29. Rxc6 $11 {[%emt 0:00:37][%mdl 4096] Endgame KRB-KRN} Re8 30. Rc5 Be6 31. a3 Bb3 32. Nc6 a6 33. Nd4 Rb8 34. Ke3 h5 35. g3 Bf7 36. b4 Re8+ 37. Kf4 Bg6 {[%emt 0:00:46] Threatens to win with ...Re4+.} 38. Re5 {[%emt 0:01:01] Prevents Re4+.} Rxe5 39. Kxe5 {[%emt 0:00:07] a4 would be deadly. KB-KN} Be8 {[%emt 0:00:05] Inhibits a4.} 40. Kf5 Kf7 41. Kg5 g6 42. Nb3 Ke7 43. Nc5 a5 44. bxa5 {[%emt 0:00:00] Hoping for a6.} Kd6 45. Ne4+ Kc6 46. Kf6 (46. Nf6 $5 Bf7 $8 47. Ne4 $11) 46... Kc7 47. Nc5 Kc6 48. Na6 {[%emt 0:00:00] Ke7 is the strong threat.} Kb7 49. Nc5+ Kc6 50. Ne4 Kc7 51. Nc3 Kb7 52. Nd5 Bc6 53. Ne7 {[%emt 0:00:00][%cal Oe7c6] Intending Nxc6! and mate.} Bf3 54. Nxg6 Ka6 55. Ne5 Be2 56. Nc6 Bf3 57. Nd4 Bd1 58. Ne6 Kxa5 59. Nc5 Bc2 60. Ke5 Kb5 61. Kd4 Bf5 62. Kd5 Bg4 63. Kd6 Bf3 64. Nd3 Ka4 65. Nf4 Kxa3 66. Nxh5 Bxh5 67. g4 Bxg4 {[%emt 0:00:02] An interesting game.   Weighted Error Value: White=0.05 (flawless) /Black=0.07 (flawless)} 1/2-1/2

[Event "85th Tata Steel Challengers 2023"]
[Site "Wijk aan Zee"]
[Date "2023.01.14"]
[Round "1.2"]
[White "Donchenko, Alexander"]
[Black "Sindarov, Javokhir"]
[Result "1/2-1/2"]
[ECO "A31"]
[WhiteElo "2627"]
[BlackElo "2654"]
[Annotator "TA"]
[PlyCount "66"]
[EventDate "2023.01.10"]
[EventType "tourn"]
[EventCountry "NED"]
[SourceTitle "playchess.com"]
[Source "ChessBase"]
[SourceQuality "1"]
[TimeControl "40/6000+30:30/3000+30:900+30"]

1. Nf3 Nf6 2. c4 g6 3. Nc3 c5 4. d4 cxd4 5. Nxd4 Nc6 6. g3 d6 $1 {[%emt 0:19:35][%mdl 4] now scores much better than the old 6...Bg7.} 7. Bg2 Bd7 8. Nc2 {[%emt 0:04:21] A31: Symmetrical English: 2 Nf3 Nf6 3 d4.} Bg7 9. b3 h5 10. Bb2 h4 11. Nd5 {[%emt 0:02:34] [#]} Ne5 $146 ({Predecessor:} 11... Nh5 12. Bxg7 Nxg7 13. Qd2 h3 14. Be4 e6 15. Nc3 f5 16. Bf3 Ne5 17. Qxd6 Nxf3+ 18. exf3 {½-½ Roiz,M (2605)-Akopian,V (2650) Wch Rapid St Petersburg 2018 (4)}) 12. Bd4 Nxd5 13. Bxd5 Bc6 $1 14. f4 (14. Bxc6+ $15 bxc6 15. Qd2) 14... Bxd5 $19 15. cxd5 Qa5+ (15... hxg3 $142 $1 16. fxe5 Rxh2) 16. Qd2 $17 {[%emt 0:03:03] [#]} (16. Kf2 $2 hxg3+ 17. Kxg3 Qxd5 $17) 16... Nd3+ $1 17. Kd1 {[%emt 0:04:03][%cal Be1d1,Bd1d2,Bd2d3,Bd3d4,Bd4c3,Bc3b2][%mdl 32] [#]} Qxd2+ ({Of course not} 17... Qxd5 18. Qxd3 Qxh1+ 19. Kd2 Qxh2 20. Bxg7 $11) 18. Kxd2 Bxd4 19. Nxd4 Nf2 20. Rhg1 Ng4 21. Kd3 h3 (21... Kd7 $15 {might be stronger.}) 22. Nf3 $1 $36 {[%emt 0:00:57][%mdl 2048] White has some pressure. The position is equal.} Rh5 23. Kd4 e5+ 24. dxe6 $1 fxe6 25. Rac1 Rd5+ 26. Kc3 e5 27. e4 Rc8+ 28. Kb2 $1 Rxc1 29. Rxc1 Rd3 30. Rc3 Rd1 31. Rc1 Rd3 32. Rc3 Rd1 33. Rc1 Rd3 {[%emt 0:00:44] Black had all chances to win.   Weighted Error Value: White=0.10 (very precise) /Black=0.06 (flawless)} 1/2-1/2

[Event "85th Tata Steel Challengers 2023"]
[Site "Wijk aan Zee"]
[Date "2023.01.14"]
[Round "1.3"]
[White "L'Ami, Erwin"]
[Black "Supi, Luis Paulo"]
[Result "1/2-1/2"]
[ECO "E06"]
[WhiteElo "2627"]
[BlackElo "2608"]
[Annotator "TA"]
[PlyCount "101"]
[EventDate "2023.01.10"]
[EventType "tourn"]
[EventCountry "NED"]
[SourceTitle "playchess.com"]
[Source "ChessBase"]
[SourceQuality "1"]
[TimeControl "40/6000+30:30/3000+30:900+30"]

1. d4 d5 2. c4 e6 3. Nf3 Nf6 4. g3 Be7 5. Bg2 O-O 6. O-O a5 7. Nc3 {[%emt 0:05:34] E06: Closed Catalan: Early deviations.} c6 8. b3 b6 9. Ne5 {[%emt 0:07:03] White has an edge.} Bb7 10. Bb2 Nfd7 11. Nd3 {[%emt 0:06:47] [#]} Na6 $146 ({Predecessor:} 11... Bf6 12. cxd5 exd5 13. Nf4 Na6 14. e4 dxe4 15. Nxe4 Be7 16. d5 cxd5 17. Nxd5 Bxd5 18. Qxd5 Nb4 19. Qf5 Ra7 20. Rfd1 g6 21. Qf4 Qb8 22. Qh6 f6 23. Ng5 {1-0 Willson,O (1909)-Waters,C (2147) GBR-ch 102nd 2015 (7)}) 12. e4 dxc4 13. bxc4 e5 {[%emt 0:02:06][%mdl 64] Deflection} 14. Nxe5 Nxe5 15. dxe5 Nc5 16. Qe2 ({White should try} 16. Qb1 $14) 16... Qc7 (16... Qd3 $1 $11) 17. Nd1 (17. Rfd1 $16) 17... Na4 18. Ne3 Bc5 {[%emt 0:01:17] Repels Bd4} 19. Nf5 (19. Rfd1 {simplifies} Nxb2 20. Qxb2 Rae8 21. Nf5) 19... Rae8 {[%emt 0:13:21] [#]} (19... Nxb2 {simplifies} 20. Qxb2 Bc8 21. Kh1 Rd8) 20. Qg4 $1 g6 {[%emt 0:08:38] [#]} 21. Qh4 f6 $1 $15 (21... Nxb2 22. Nh6+ Kg7 23. Nf5+ gxf5 24. Qg5+ Kh8 25. Qf6+ Kg8 26. Qg5+ Kh8 27. Qf6+ Kg8 28. Qg5+ Kh8 $11) (21... gxf5 22. Qg5+ Kh8 23. Qf6+ Kg8 24. Qg5+ Kh8 25. Qf6+ Kg8 26. Qg5+ $11) 22. Nh6+ Kh8 23. Bc1 Qxe5 (23... fxe5 $6 24. Bg5 $11) 24. Bf4 (24. Rb1 $17) 24... Qe6 $1 $36 {[%emt 0:01:33][%mdl 2048] Black is on the roll.} 25. Be3 Bxe3 (25... Qxc4 26. Ng4 Qe6 27. Rfc1 $17) 26. fxe3 Kg7 (26... Qxc4 $2 27. Rxf6 Kg7 28. Rxf8 Rxf8 29. Qe7+ Rf7 30. Nxf7 Qxf7 31. Qd8 $18) 27. Ng4 h5 (27... Qxc4 $2 28. Nxf6 h5 29. Nxe8+ Rxe8 30. Qf6+ Kh7 31. Qf7+ Qxf7 32. Rxf7+ Kh6 33. Rxb7 $18) 28. Nf2 Nc3 (28... Qxc4 29. Rac1 Qxa2 30. e5) 29. c5 (29. Qh3 $142) 29... b5 (29... bxc5 30. Bf3) 30. Kh1 b4 (30... Nxa2 31. g4 $17) 31. g4 Rh8 (31... Nxa2 32. gxh5 g5 33. Qg3 $11) 32. g5 fxg5 (32... Nxa2 33. gxf6+ Qxf6 34. Qxf6+ Kxf6 35. Rxa2 $18) 33. Qxg5 Ba6 (33... Nxa2 34. Rfd1 Nc3 35. Rd6 $16) 34. Rg1 {[%emt 0:00:58] White is weak on the light squares} Ref8 (34... Nxa2 35. Bh3 Qf6 36. Qxf6+ (36. Rxa2 Qxg5 37. Rxg5 Rhf8 $16) 36... Kxf6 37. Rxa2 $18) (34... Be2 $19 {is more deadly. aiming for ...Rhf8.} 35. Bh3 Bf3+ 36. Bg2 Rhf8) 35. Nh3 $17 Qf6 {[%emt 0:03:15] Prevents Nf4.} ({But not} 35... Nxa2 36. Nf4 Qf6 37. Qxf6+ Kxf6 38. Rxa2 $18) 36. Qg3 (36. Qxf6+ $142 Kxf6 37. Nf4 (37. e5+ Kxe5 38. Bxc6 Rhg8 $17)) 36... Ne2 $1 $19 37. Qc7+ Rf7 38. Qxa5 Nxg1 39. Rxg1 {[%emt 0:00:15] [#]} Bc8 40. Nf4 $2 (40. Qxb4 Bxh3 41. Bxh3 Qf3+ 42. Bg2 Qxe3 43. Qb2+ Kh7 44. Qb3 Qxb3 45. axb3) 40... g5 41. Ne2 h4 42. Nd4 h3 43. Bf3 Kh6 {[%emt 0:04:48][%cal Og5g4] Threatens to win with ...g4!} 44. Qxb4 {[%emt 0:02:29] [#]} g4 $2 45. Nf5+ $1 $11 Bxf5 46. exf5 gxf3 (46... Qxf5 $5 47. Bxg4 Rb8 $11) 47. Qf4+ Kh7 48. Rg6 $1 Qa1+ (48... Qxf5 $2 49. Qh6#) 49. Rg1 Qf6 (49... Qxa2 $2 50. Qh4#) 50. Rg6 $1 Qa1+ (50... Qxf5 $2 51. Qh6#) 51. Rg1 {[%emt 0:00:06] White happily takes the draw. An exciting game.   Weighted Error Value: White=0.28 (precise) /Black=0.25 (precise)} 1/2-1/2

[Event "85th Tata Steel Challengers 2023"]
[Site "Wijk aan Zee"]
[Date "2023.01.14"]
[Round "1.4"]
[White "Yilmaz, Mustafa"]
[Black "Ivic, Velimir"]
[Result "1/2-1/2"]
[ECO "D33"]
[WhiteElo "2609"]
[BlackElo "2585"]
[Annotator "TA"]
[PlyCount "90"]
[EventDate "2023.01.10"]
[EventType "tourn"]
[EventCountry "NED"]
[SourceTitle "playchess.com"]
[Source "ChessBase"]
[SourceQuality "1"]
[TimeControl "40/6000+30:30/3000+30:900+30"]

1. Nf3 Nf6 2. c4 c5 3. Nc3 e6 4. g3 d5 5. cxd5 exd5 6. d4 Nc6 7. Bg2 cxd4 $1 {[%emt 0:00:30][%mdl 4] is currently scoring better than 7...Be7.} 8. Nxd4 Bc5 9. Nb3 Bb6 {[%emt 0:00:34] D33: Tarrasch Defence: 6 g3 sidelines.} 10. Na4 O-O 11. Nxb6 axb6 {[%emt 0:00:14] White has an edge.} 12. Be3 h5 13. O-O h4 14. gxh4 Qd6 {[%emt 0:02:32] [#] ...Ng4 would be deadly.} 15. f3 $146 {[%emt 0:13:24] Wards off Ng4} ({Predecessor:} 15. Qd2 Ra4 16. Nd4 Re8 17. Bf4 Qb4 18. Qxb4 Rxb4 19. e3 Nxd4 20. exd4 Rxb2 21. Rfb1 Rxb1+ 22. Rxb1 {½-½ Zhou,J (2583)-Ali Marandi,C (2532) Saint Louis Summer-B 2022 (7)}) 15... Nh5 16. Bxb6 Nf4 17. e3 Nxg2 18. Kxg2 Re8 19. Kh1 (19. Rg1 {feels hotter.} Qh6 20. Qxd5 Qxh4 21. Kh1) 19... Bf5 (19... Qf6 $14) 20. Rg1 $16 f6 (20... Bg6 $142) 21. Bc5 Qd7 22. Nd4 Nd8 (22... Nxd4 $16 {keeps fighting.} 23. Qxd4 (23. Bxd4 Kh7 $18) 23... Kh7) 23. Qb3 {[%emt 0:02:58] Black must now prevent Nxf5.} Rc8 24. Ba3 Bh7 25. Rad1 Nf7 26. Rg3 {[%emt 0:01:41] And now Rdg1 would win.} Kh8 27. Rdg1 Rg8 28. Qb5 Qxb5 29. Nxb5 Rce8 (29... Bd3 $142 30. Nc3 Bc4) 30. Bc5 Nh6 31. Nd6 {[%emt 0:01:48][%csl LRb7,LRe8] Prevents Nf5.} Re6 32. Rd1 b6 33. Bb4 ({Weaker is} 33. Bxb6 Rxd6 34. Bc5 Re6 35. Rxd5 Nf5 $17) 33... Ra8 (33... Rxe3 $16 {was called for.} 34. Rxd5 Rd3) 34. a3 ({White should try} 34. Rxd5 $18 {Threatens to win with e4.} Rxe3 35. Bd2) 34... Rxe3 35. Rxd5 Bg8 36. Rh5 {[%emt 0:03:20] Nf5 is the strong threat.} Rd3 37. Rb5 ({Better is} 37. Kg2 $16) 37... Bd5 (37... Rb8 $11) 38. Rxb6 $14 Ng4 {[%emt 0:02:29][%mdl 64] [#] Decoy} 39. Kg2 ({Stronger than} 39. Rxg4 Bxf3+ 40. Kg1 Bxg4 $17) 39... Ne5 40. Kf2 ({White should play} 40. Bc3 $14 Bxf3+ 41. Kg1) 40... Rb3 $11 {[%emt 0:01:16] The position is equal.} 41. f4 Rxb2+ 42. Ke3 $1 Nf3 {[%emt 0:04:43][%mdl 64] [#] Double Attack} 43. Rb5 ({Don't play} 43. Rxf3 Rb3+ 44. Ke2 Bxf3+ 45. Kf2 Bd1 $19) 43... Rb3+ 44. Kf2 Rb2+ 45. Ke3 Rb3+ {[%emt 0:00:18] White really could win this.   Weighted Error Value: White=0.16 (very precise) /Black=0.15 (very precise)} 1/2-1/2

[Event "85th Tata Steel Challengers 2023"]
[Site "Wijk aan Zee"]
[Date "2023.01.14"]
[Round "1.5"]
[White "Warmerdam, Max"]
[Black "Pechac, Jergus"]
[Result "1-0"]
[ECO "C60"]
[WhiteElo "2616"]
[BlackElo "2637"]
[Annotator "TA"]
[PlyCount "61"]
[EventDate "2023.01.10"]
[EventType "tourn"]
[EventCountry "NED"]
[SourceTitle "playchess.com"]
[Source "ChessBase"]
[SourceQuality "1"]
[TimeControl "40/6000+30:30/3000+30:900+30"]

1. e4 e5 2. Nf3 Nc6 3. Bb5 Nge7 4. Nc3 Ng6 5. Bc4 Bc5 {[%emt 0:00:27] [#]} 6. h4 $146 {[%emt 0:00:32] C60: Ruy Lopez: Unusual Black 3rd moves and 3...g6.} ({Predecessor:} 6. O-O d6 7. Nd5 Be6 8. c3 a6 9. Ng5 Qd7 10. h3 Ba7 11. Bb3 Na5 12. Bc2 c6 {1-0 Rivollier,F (1654)-Guy,D (1686) FRA-EU email 2017 [49]}) 6... h6 7. Nd5 Nge7 8. c3 {[%emt 0:02:13] The position is equal.} O-O 9. Ng5 Nxd5 (9... hxg5 $2 10. hxg5 $18) 10. exd5 b5 (10... hxg5 11. hxg5 g6 12. Qf3 $16 (12. dxc6 Qxg5 13. Qf3 Qf5 $14)) (10... Ne7 $5) 11. Bb3 Na5 (11... hxg5 12. hxg5 g6 13. Qf3 $16 (13. dxc6 Qxg5 14. Qf3 Qf5 $14)) 12. Bc2 {[%emt 0:00:09][%cal Ob2b4] aiming for b4!} Nb7 (12... hxg5 13. Bh7+ Kh8 14. Qh5 Bxf2+ 15. Kf1 Re8 16. hxg5) (12... Bb6 $5) 13. Qh5 {[%emt 0:08:38] Threatens to win with Nh7.} d6 {[%emt 0:00:33] [#]} (13... Qe8 $11) 14. d4 $1 exd4 {[%emt 0:00:30] [#]} 15. O-O $1 {[%emt 0:00:30] And now Nh7 would win.} f5 (15... hxg5 $2 16. Qh7#) (15... Qe8 16. cxd4) 16. Nf3 (16. Ne6 $14 Bxe6 17. dxe6) 16... dxc3 {[%emt 0:17:45] ...Qf6 is the strong threat.} 17. Bxh6 $1 cxb2 18. Rae1 Qf6 (18... gxh6 19. Qg6+ Kh8 20. Qxh6+ Kg8 21. Ng5 Qd7 22. Re6 Qg7 23. Rg6) 19. Bd2 {[%emt 0:03:56][%cal Od2c3] Black must now prevent Bc3!} Bd7 20. Bc3 $1 $40 {[%emt 0:10:19][%mdl 192] Deflection. White attacks. Some like it hot} Qh6 {[%emt 0:02:43][%mdl 8192] [#]} (20... Qxc3 21. Ng5 Bxf2+ 22. Kh1) (20... Bxf2+ $11 21. Rxf2 Qxc3) 21. Re7 $1 $18 {[%emt 0:00:25][%mdl 64] Double Attack} Qxh5 (21... Rf6 22. Qxh6) 22. Rxg7+ (22. Rxd7 $2 {loses.} Rf7 23. Rxf7 Qxf7 $19) 22... Kh8 23. Rf7+ Kg8 $1 24. Rg7+ (24. Rxd7 $2 {is the wrong capture.} Rf7 25. Rxf7 Qxf7 $19) 24... Kh8 {[%emt 0:00:05][%cal Oh5h6] Hoping for ...Qh6!} 25. Rxd7+ Rf6 26. Bxf6+ {[%emt 0:00:05] A strong pair of Bishops.} Kg8 27. Rg7+ Kf8 28. Ng5 {[%emt 0:00:08] Threatening mate with Ne6+.} Bxf2+ 29. Rxf2 {[%emt 0:00:48] White mates.} Nc5 30. Bxb2 Qe8 31. Nh7# {[%emt 0:00:05] Magnificent play by Warmerdam!   Weighted Error Value: White=0.21 (precise) /Black=0.41} 1-0

[Event "85th Tata Steel Challengers 2023"]
[Site "Wijk aan Zee"]
[Date "2023.01.14"]
[Round "1.6"]
[White "Mishra, Abhimanyu"]
[Black "Roebers, Eline"]
[Result "1-0"]
[ECO "E14"]
[WhiteElo "2559"]
[BlackElo "2361"]
[Annotator "TA"]
[PlyCount "65"]
[EventDate "2023.01.10"]
[EventType "tourn"]
[EventCountry "NED"]
[SourceTitle "playchess.com"]
[Source "ChessBase"]
[SourceQuality "1"]
[TimeControl "40/6000+30:30/3000+30:900+30"]

1. d4 Nf6 2. c4 e6 3. Nf3 Bb4+ 4. Nbd2 b6 5. a3 Bxd2+ 6. Qxd2 Bb7 7. e3 O-O 8. Be2 d5 {[%emt 0:02:51] is cutting edge theory.} 9. O-O c5 10. dxc5 {[%emt 0:10:58] E14: Queen's Indian: Classical Variation (4 e3).} bxc5 {[%emt 0:02:38] [#]} 11. b3 $146 ({Predecessor:} 11. cxd5 exd5 12. b4 Ne4 13. Qc2 c4 14. Bb2 Nd7 15. Bd4 Qe7 16. Rfd1 Nb6 17. a4 Qxb4 {1-0 Chatalbashev,B (2507)-Zapata,K (2184) Castelldefels op 3rd 2006 (3)}) 11... Nbd7 12. Rd1 {[%emt 0:12:23] White is slightly better.} Rb8 13. Bb2 Ba8 14. Qc3 Qe7 15. Rac1 Rfd8 16. Nd2 Rb6 17. h3 h6 18. cxd5 exd5 19. Bf3 Ne8 20. Bg4 Rg6 21. Nf3 Nd6 {[%emt 0:04:05] [#]} 22. Ne5 $1 Nxe5 23. Qxe5 Qb7 24. Rxc5 {[%emt 0:04:47] White is more active. Black is weak on the dark squares} Qxb3 {[%emt 0:13:12][%cal Og6g4] [#] ...Rxg4! would be deadly.} 25. Rdc1 $1 $36 {[%emt 0:04:42][%mdl 2048] White is really pushing.} Re8 26. Qc3 Qb7 {[%emt 0:00:11][%cal Od5d4] Hoping for ...d4!} 27. Qb4 ({White should play} 27. Qd4 $16) 27... Qxb4 (27... d4 $1 $14 28. Qxb7 (28. Qxd4 $2 Qxg2#) 28... Bxb7) 28. axb4 $18 Nc4 29. Bd4 {[%emt 0:01:07] Black must now prevent Rc7. This pair of bishops is nice.} a6 (29... Rb6 {might work better.} 30. b5 Reb8) 30. Ra1 Rb8 31. Rc8+ Rxc8 32. Bxc8 Bc6 $2 (32... Rd6 33. Bxa6 Rd8) 33. Rxa6 {[%emt 0:01:12] Weighted Error Value: White=0.07 (flawless) /Black=0.28 (precise)} 1-0

[Event "85th Tata Steel Challengers 2023"]
[Site "Wijk aan Zee"]
[Date "2023.01.14"]
[Round "1.7"]
[White "Beerdsen, Thomas"]
[Black "Vaishali, Rameshbabu"]
[Result "1/2-1/2"]
[ECO "B30"]
[WhiteElo "2515"]
[BlackElo "2425"]
[Annotator "TA"]
[PlyCount "50"]
[EventDate "2023.01.10"]
[EventType "tourn"]
[EventCountry "NED"]
[SourceTitle "playchess.com"]
[Source "ChessBase"]
[SourceQuality "1"]
[TimeControl "40/6000+30:30/3000+30:900+30"]

1. e4 c5 2. Nf3 Nc6 3. Bb5 e6 4. O-O Nge7 5. Re1 a6 6. Bf1 d5 7. exd5 Nxd5 8. d4 Nf6 9. Be3 cxd4 {[%emt 0:00:33] B30: Sicilian: 2...Nc6 3 Bb5, lines without ...g6.} 10. Nxd4 Bd7 {[%emt 0:00:08] 10...Bd7 scores better than 10...Nxd4.} 11. Nc3 Be7 12. Qf3 {[%emt 0:05:33] [#]} Nxd4 $146 ({Predecessor:} 12... O-O 13. Rad1 Qc7 14. Qg3 Qxg3 15. hxg3 Rac8 16. a3 Ne5 17. Bf4 Ng6 18. Bg5 h6 19. Bxf6 Bxf6 {0-1 Boruchovsky,A (2551)-Grischuk,A (2745) Titled Tuesday intern op 16th Aug Late blitz 2022 (3)}) 13. Bxd4 Bc6 14. Qf4 {[%emt 0:04:06] [#]} g5 15. Qe5 $14 (15. Qxg5 $2 Qxd4 16. Qe3 Qxe3 17. Rxe3 Bc5 $19) 15... Rg8 16. Rad1 $1 Nd7 17. Qg3 h5 18. Qh3 {[%emt 0:14:17][%cal Oe1e6] Strongly threatening Rxe6! White has more active pieces. The black rooks are badly placed.} h4 $2 {[%emt 0:27:21] [#]} (18... Bf6 $16 {might work better.}) 19. Rxe6 $1 $18 g4 {[%emt 0:02:57] [#]} (19... Qc7 20. Ree1) 20. Qxh4 (20. Rxe7+ Qxe7 21. Qe3 Qxe3 22. fxe3 Rd8 $15) (20. Qe3 $1 $18 fxe6 21. Qxe6) 20... fxe6 $16 21. Qh5+ Kf8 {[%emt 0:00:04] [#] ...Rg5 would be deadly.} 22. Qh6+ (22. Bc4 $1 $16 Bf6 23. Bc5+ (23. Bxe6 Qe7 $11) 23... Nxc5 24. Rxd8+ Rxd8 25. Qxc5+ Kf7 26. Qe3 (26. Qf5 Rd6 $16)) 22... Kf7 $14 23. Qh7+ $1 {[%emt 0:00:17][%mdl 1024] White has compensation.} Kf8 {[%emt 0:00:06] aiming for ...Bg5.} 24. Qh6+ (24. Bc4 $14 Bf6 25. Bxe6) 24... Kf7 $1 $11 25. Qh7+ (25. Bc4 $11 Bf6 26. Qh5+ Rg6 27. Qh7+ (27. Bxe6+ Kg7 $11) 27... Rg7 28. Qh5+ (28. Qf5 $2 Nf8 $17) 28... Rg6 29. Qh7+ (29. Bxe6+ Kg7 $11) 29... Rg7 30. Qh5+ (30. Qf5 Nf8 $17) 30... Rg6) 25... Kf8 {[%emt 0:00:02] Weighted Error Value: White=0.22 (precise) /Black=0.27 (precise)} 1/2-1/2

[Event "85th Tata Steel Challengers 2023"]
[Site "Wijk aan Zee"]
[Date "2023.01.15"]
[Round "2.1"]
[White "Supi, Luis Paulo"]
[Black "Warmerdam, Max"]
[Result "1/2-1/2"]
[ECO "C50"]
[WhiteElo "2608"]
[BlackElo "2616"]
[Annotator "TA"]
[PlyCount "50"]
[EventDate "2023.01.10"]
[EventType "tourn"]
[EventCountry "NED"]
[SourceTitle "playchess.com"]
[Source "ChessBase"]
[SourceQuality "1"]
[TimeControl "40/6000+30:30/3000+30:900+30"]

1. e4 e5 2. Nf3 Nc6 3. Bc4 Nf6 4. d3 Bc5 5. Nc3 h6 6. O-O O-O 7. Bd5 {[%emt 0:03:02] 7.h3 gains popularity. C50: Hungarian Defence and Giuoco Pianissimo.} Re8 8. Bxc6 bxc6 {[%emt 0:04:52] [#]} 9. Nxe5 $146 {[%emt 0:10:37][%mdl 64] Remove Defender, Decoy} ({Predecessor:} 9. b3 d5 10. b4 Bxb4 11. Rb1 Bxc3 12. Bd2 Bxd2 13. Qxd2 Nd7 14. d4 Qf6 15. Ng5 hxg5 16. exd5 cxd5 17. dxe5 Rxe5 {0-1 Zahirovic,R-Basrak,T (1651) Osijek-Baranja op U16 Girls 15th 2014 (3.6)}) 9... Rxe5 10. d4 Re6 {[%emt 0:02:54] Strongly threatening ...Bb6.} 11. dxc5 Nxe4 12. Nxe4 Rxe4 13. Re1 Rxe1+ 14. Qxe1 d5 {[%emt 0:03:15] Black is weak on the dark squares} 15. Qe5 Be6 16. Bf4 Qe7 17. Qc3 Bf5 18. Re1 Qd7 19. Be5 (19. f3 $142) 19... Re8 $11 {[%emt 0:03:49][%cal Od5d4] The position is equal.} 20. Kf1 Qc8 21. a3 f6 22. Bd4 Qa6+ 23. Kg1 Re2 24. Rc1 Kh7 25. h3 Qc4 {[%emt 0:02:52] Weighted Error Value: White=0.06 (flawless) /Black=0.05 (flawless)} 1/2-1/2